Map: [ESL] Site Delta

Players

DKZDark (Dark) - Winner!

  • Race: Zerg Zerg
  • League: Master
  • Spawn Location: 5:00

ByuN

  • Race: Terran Terran
  • Spawn Location: 11:00

VOD

Have the link to the VOD?

Description

Time

  • Played on: Dec. 30, 2023, 9:20 a.m.
  • Length: 21:50
Show
View Real Time Build Order
Export as new Build Order

DKZDark Zerg - Winner!

Build Orders: Pool First 

Get SALT Encoding   

  12  0:00  Drone  
  13  0:12  Overlord  
  13  0:16  Drone  
  14  0:30  Drone x2  
  16  0:39  Spawning Pool  
  16  0:42  Drone  
  16  0:46  Drone  
  17  0:55  Drone  
  18  1:10  Hatchery  
  17  1:12  Extractor  
  17  1:14  Drone  
  17  1:18  Drone  
  18  1:28  Roach Warren  
  18  1:31  Zergling x2  
  18  1:41  Queen  
  20  1:48  Overlord  
  20  2:08  Roach x2  
  24  2:11  Roach  
  26  2:21  Roach  
  28  2:24  Roach  
  28  2:26  Queen  
  32  2:33  Overlord  
  32  2:38  Drone  
  32  2:42  Drone  
  34  2:44  Drone  
  34  2:50  Ravager  
  36  2:53  Drone  
  36  2:54  Drone  
  38  2:59  Drone  
  38  3:02  Drone  
  40  3:08  Drone x2  
  41  3:23  Ravager  
  41  3:24  Drone x2  
  41  3:26  Overlord  
  44  3:29  Overlord  
  44  3:37  Overlord  
  44  3:47  Drone x2, Hatchery  
  45  3:48  Ravager  
  45  3:52  Drone x2  
  45  3:55  Drone  
  49  3:56  Drone  
  50  4:03  Roach  
  50  4:04  Drone  
  50  4:05  Drone x2  
  50  4:08  Drone  
  54  4:10  Drone x2  
  54  4:14  Ravager  
  58  4:17  Drone x2  
  58  4:20  Extractor  
  58  4:21  Extractor  
  56  4:25  Roach  
  56  4:27  Overlord  
  56  4:34  Roach  
  56  4:38  Queen x2  
  56  4:40  Overlord  
  62  4:45  Roach  
  62  4:49  Roach x3  
  68  4:54  Overlord  
  68  4:59  Overlord  
  68  5:01  Roach x2  
  68  5:03  Roach  
  74  5:13  Roach x3  
  74  5:14  Roach  
  71  5:19  Queen  
  71  5:20  Roach  
  67  5:25  Roach  
  67  5:26  Roach  
  59  5:31  Drone x2  
  59  5:34  Drone  
  57  5:36  Drone  
  57  5:39  Drone  
  57  5:41  Drone  
  60  5:43  Drone  
  60  5:44  Drone  
  60  5:47  Drone  
  63  5:56  Drone  
  63  5:57  Drone x3  
  67  5:58  Queen  
  69  6:04  Lair  
  69  6:10  Drone  
  69  6:11  Drone x3  
  73  6:15  Roach x2  
  77  6:19  Roach  
  77  6:20  Roach  
  77  6:24  Drone  
  82  6:26  Overlord  
  82  6:27  Overlord  
  82  6:38  Evolution Chamber  
  82  6:39  Queen, Evolution Chamber  
  82  6:42  Overlord  
  82  6:43  Overlord  
  82  6:45  Drone x4  
  86  6:49  Roach x2  
  86  6:52  Roach  
  92  6:56  Drone x2  
  92  6:59  Drone x2  
  96  7:01  Drone  
  96  7:03  Glial Reconstitution  
  96  7:04  Zerg Missile Weapons Level 1  
  96  7:06  Zerg Ground Armor Level 1  
  96  7:07  Overseer  
  97  7:11  Drone x3  
  97  7:15  Drone x2  
  102  7:16  Extractor  
  101  7:23  Roach x3  
  107  7:30  Drone x3, Extractor x2  
  107  7:33  Infestation Pit  
  107  7:43  Overlord x2  
  107  7:47  Metabolic Boost  
  107  7:48  Overlord  
  107  7:49  Overlord  
  107  7:50  Overlord  
  107  7:52  Overlord  
  107  7:55  Overlord  
  107  8:01  Hatchery  
  107  8:03  Roach x6  
  118  8:07  Roach x3  
  118  8:08  Zergling x2  
  118  8:09  Zergling x2, Ravager x2  
  118  8:11  Ravager  
  129  8:19  Zergling x8  
  133  8:22  Drone x2  
  133  8:25  Hive  
  135  8:32  Hatchery  
  128  8:37  Ravager  
  128  8:38  Ravager  
  128  8:39  Ravager  
  128  8:40  Zergling x14  
  138  8:44  Baneling Nest  
  137  8:49  Drone x10  
  145  8:57  Zergling x2  
  145  8:58  Zergling x2, Zerg Melee Weapons Level 1  
  145  9:00  Infestor  
  149  9:11  Zergling x4  
  149  9:12  Zerg Ground Armor Level 2  
  149  9:17  Zergling x14  
  153  9:21  Overlord  
  154  9:25  Overlord  
  154  9:30  Overlord  
  154  9:36  Overlord  
  154  9:37  Baneling Nest  
  154  9:38  Centrifugal Hooks  
  153  9:40  Viper x2  
  153  9:41  Zergling x2  
  153  9:42  Zergling x2  
  163  9:45  Zergling x2  
  163  9:49  Zergling x6  
  163  9:51  Adrenal Glands  
  163  9:52  Zergling x10  
  171  9:57  Zergling x4  
  173  10:01  Zergling x6  
  173  10:03  Ravager  
  176  10:08  Zergling x4  
  177  10:15  Zergling x4  
  177  10:17  Zergling x2  
  177  10:27  Zergling x18  
  156  10:35  Zergling x8  
  149  10:37  Drone  
  149  10:38  Drone  
  149  10:40  Hatchery, Zergling x2, Ravager  
  149  10:41  Ravager x2  
  154  10:42  Spore Crawler  
  154  10:43  Zergling x2  
  154  10:44  Ultralisk Cavern, Queen  
  154  10:49  Ravager  
  156  10:53  Hatchery  
  156  10:55  Zergling x14  
  157  10:59  Baneling x4  
  157  11:00  Zergling x2  
  158  11:05  Zergling x4  
  158  11:07  Zergling x2  
  158  11:08  Zergling x2  
  158  11:09  Baneling x7  
  162  11:12  Zergling x2  
  162  11:13  Zergling x6  
  162  11:18  Zergling x6  
  169  11:25  Drone x2  
  161  11:35  Zergling x20  
  171  11:43  Zergling x4  
  171  11:47  Baneling x11  
  171  11:48  Chitinous Plating  
  171  11:50  Ultralisk x2  
  178  11:55  Zergling x4  
  178  11:56  Baneling x12  
  178  11:58  Zergling x4  
  178  11:59  Zergling x2  
  182  12:03  Zerg Melee Weapons Level 2  
  182  12:05  Zergling x2  
  182  12:06  Zergling x2  
  184  12:10  Drone  
  184  12:14  Drone x3  
  188  12:20  Drone x2, Zerg Ground Armor Level 3  
  188  12:21  Zergling x4  
  192  12:28  Zergling x6  
  195  12:31  Baneling x2  
  195  12:37  Zergling x10  
  190  13:00  Zergling x24  
  190  13:01  Zergling x4  
  192  13:06  Zergling x10  
  192  13:07  Anabolic Synthesis  
  192  13:18  Zergling x14  
  180  13:24  Ultralisk x2  
  180  13:25  Ultralisk  
  184  13:30  Drone x3  
  184  13:31  Drone  
  184  13:32  Drone  
  189  13:35  Spore Crawler  
  189  13:37  Drone x3  
  189  13:39  Drone  
  189  13:40  Drone  
  193  13:41  Drone, Burrow  
  194  13:48  Drone  
  194  13:51  Baneling x10, Spore Crawler  
  194  13:57  Zergling x12  
  199  14:13  Overseer  
  199  14:14  Pneumatized Carapace  
  199  14:20  Overseer  
  199  14:21  Overseer  
  199  14:25  Zergling x2  
  199  14:30  Baneling x4  
  200  14:34  Zerg Melee Weapons Level 3  
  199  14:50  Hatchery  
  198  14:54  Drone  
  198  14:57  Zerg Missile Weapons Level 2  
  198  14:59  Hatchery  
  198  15:02  Hatchery  
  194  15:07  Queen  
  194  15:08  Queen x2  
  194  15:13  Drone x2  
  194  15:14  Drone x4  
  198  15:43  Zergling x2  
  199  15:59  Zergling x2  
  187  16:20  Viper x2  
  187  16:22  Zergling x20  
  199  16:45  Zergling x38  
  197  16:54  Baneling x26  
  197  17:00  Zergling x4  
  193  17:09  Zergling x20  
  193  17:15  Baneling x9  
  200  17:16  Baneling  
  200  17:23  Overseer  
  200  17:30  Nydus Network  
  200  17:34  Overseer x4, Overlord x2  
  200  17:35  Overlord x2  
  199  17:38  Drone  
  199  17:39  Drone x2, Extractor x2  
  199  17:44  Drone  
  191  17:52  Zergling x2  
  191  17:53  Zergling x16  
  196  18:00  Spore Crawler  
  196  18:01  Zergling x42  
  180  18:18  Zergling x30  
  180  18:19  Zergling x18, Ravager  
  192  18:25  Spire  
  192  18:26  Baneling x6  
  173  18:37  Zergling x2  
  173  18:38  Zergling x26  
  173  18:39  Nydus Canal  
  177  18:46  Zergling x18  
  168  18:57  Ultralisk x3  
  168  18:58  Ultralisk x2  
  168  18:59  Zergling x8  
  199  19:08  Zergling x2  
  199  19:10  Zergling x2  
  195  19:19  Zergling x6  
  195  19:21  Zergling x8  
  195  19:28  Zergling x2  
  195  19:29  Zergling x24  
  191  19:44  Corruptor x4  
  191  19:45  Corruptor x3  
  200  19:48  Zergling x8  
  186  19:54  Zergling x2  
  186  19:55  Zergling x16  
  180  20:00  Corruptor x3  
  180  20:05  Zergling x16  
  189  20:08  Zergling x4  
  189  20:09  Zergling x2  
  189  20:13  Zergling x10  
  189  20:14  Zergling x4  
  198  20:17  Spore Crawler  
  198  20:19  Drone x4, Extractor  
  198  20:20  Extractor  
  199  20:31  Zergling x6  
  199  20:38  Drone x3  
  199  20:44  Baneling x14  
  190  20:58  Zergling x2  
  190  20:59  Zergling x14  
  178  21:04  Zergling x20  
  178  21:06  Drone x7  
  178  21:07  Drone x3  
  171  21:21  Zergling x2  
  171  21:22  Zergling x24  
  171  21:24  Zergling x4  
  165  21:28  Drone  
  161  21:33  Nydus Canal  
Show
View Real Time Build Order
Export as new Build Order

ByuN Terran 

Build Orders:  

Get SALT Encoding   

  12  0:00  SCV  
  13  0:12  SCV  
  14  0:17  Supply Depot  
  14  0:24  SCV  
  15  0:39  SCV  
  15  0:40  Barracks  
  16  0:51  SCV  
  17  1:03  SCV  
  18  1:15  SCV  
  18  1:17  Refinery  
  19  1:27  Orbital Command, Marine  
  20  1:34  Command Center  
  20  1:44  Marine  
  21  1:49  Supply Depot  
  21  1:52  SCV  
  22  2:00  Barracks  
  22  2:04  Barracks Reactor  
  22  2:07  SCV  
  23  2:18  Barracks  
  23  2:19  SCV  
  24  2:31  SCV  
  25  2:41  Marine x2  
  25  2:43  SCV  
  28  2:45  Orbital Command  
  28  2:47  Bunker  
  28  2:48  Barracks Tech Lab  
  28  2:54  Supply Depot  
  28  2:55  SCV  
  29  2:58  Marine  
  29  2:59  Marine  
  29  3:05  Barracks Tech Lab  
  31  3:06  Marine  
  31  3:07  Stimpack  
  31  3:08  SCV  
  31  3:11  SCV  
  34  3:16  Marine x2  
  34  3:24  Concussive Shells, Marauder  
  36  3:33  SCV x2  
  39  3:34  Marine  
  39  3:37  Marauder  
  39  3:40  Marine  
  42  3:45  SCV x2  
  44  3:52  Marauder  
  46  3:57  SCV x2  
  46  3:58  Marine  
  46  3:59  Marine  
  50  4:09  Supply Depot  
  50  4:15  Supply Depot  
  50  4:27  Combat Shield  
  52  4:31  SCV x2  
  52  4:37  Marine  
  54  4:39  Refinery  
  54  4:40  Barracks Reactor  
  54  4:41  Refinery  
  54  4:43  SCV x2  
  54  4:45  Supply Depot  
  55  4:47  Engineering Bay  
  55  4:48  Marine  
  56  4:55  SCV x2  
  57  5:00  Marine  
  57  5:06  Marine  
  59  5:07  SCV x2  
  59  5:09  Supply Depot  
  59  5:16  Marine x2  
  59  5:19  SCV x2  
  62  5:28  Marauder x2  
  60  5:32  SCV x2  
  60  5:34  Marine  
  54  5:36  Factory  
  54  5:39  Terran Infantry Weapons Level 1  
  54  5:44  SCV x2  
  54  5:46  Refinery  
  54  5:49  Marauder x2  
  60  5:50  Marine  
  60  5:52  Marine  
  60  5:56  SCV x2  
  64  6:00  Command Center  
  64  6:08  SCV x2  
  64  6:10  Marine x2  
  64  6:11  Marauder x2  
  71  6:19  Factory Reactor  
  71  6:20  Starport  
  71  6:22  SCV x2  
  73  6:27  Barracks  
  73  6:29  Marine x2, Barracks  
  75  6:34  SCV x2  
  75  6:39  Marauder x2  
  81  6:43  Supply Depot  
  81  6:48  SCV x2  
  81  6:54  Marine x2  
  84  7:03  Supply Depot, SCV x2  
  84  7:05  Medivac x2  
  90  7:11  Supply Depot, Barracks Reactor  
  90  7:12  Siege Tank  
  90  7:15  SCV x2, Marine  
  96  7:16  Marine, Barracks Reactor x2  
  96  7:19  Marine  
  98  7:28  SCV  
  98  7:29  SCV  
  100  7:33  Terran Infantry Armor Level 1  
  100  7:38  Engineering Bay, Armory  
  100  7:40  SCV  
  101  7:44  Siege Tank, SCV  
  101  7:46  Medivac x2  
  101  7:48  Marine  
  101  7:49  Marine  
  101  7:51  Marine  
  111  7:53  SCV  
  111  7:57  Orbital Command  
  113  7:59  Supply Depot  
  113  8:00  SCV  
  114  8:08  Marine x6  
  114  8:09  Marine  
  114  8:10  Marine  
  114  8:11  Marine  
  123  8:21  Supply Depot, Siege Tank  
  123  8:23  Supply Depot  
  123  8:25  SCV x2  
  123  8:26  SCV  
  129  8:31  Marine x2  
  129  8:32  Marine, Terran Infantry Weapons Level 2  
  130  8:35  Marine x3  
  133  8:42  Marine x3  
  133  8:46  Supply Depot  
  133  8:47  Supply Depot x2  
  136  8:51  Marine x2  
  136  8:52  Medivac x2  
  136  8:53  Siege Tank  
  145  9:01  Terran Vehicle Weapons Level 1  
  143  9:07  Command Center  
  143  9:09  Marine  
  144  9:10  Marine x3  
  144  9:12  Marine x3  
  144  9:15  Marine  
  144  9:16  Marine  
  149  9:25  Siege Tank  
  149  9:27  Supply Depot, Marine x2  
  149  9:30  Marine, Terran Infantry Armor Level 2  
  149  9:31  Supply Depot, Marine x3  
  157  9:40  Marine x2  
  157  9:41  Marine  
  160  9:48  Medivac x2  
  160  9:52  Marine x4, Refinery x2  
  166  9:53  Marine  
  166  9:56  Marine  
  166  9:57  Siege Tank  
  173  10:08  Marine x2  
  173  10:13  Marine  
  176  10:17  Marine  
  174  10:22  Marine x2  
  174  10:26  Marine  
  174  10:27  Marine  
  145  10:29  Siege Tank, Marine x2  
  145  10:30  Marine  
  145  10:31  Marine  
  145  10:35  Marine  
  145  10:39  Factory  
  145  10:40  Marine x2  
  147  10:43  Liberator x2, Marine  
  147  10:45  Marine, Barracks  
  147  10:47  Marine x2, Barracks  
  147  10:48  Marine  
  147  10:49  SCV x3, Barracks  
  146  11:01  SCV x2  
  146  11:03  Marine  
  146  11:04  Marine x5  
  150  11:05  Marine  
  150  11:06  Siege Tank  
  150  11:11  SCV  
  158  11:13  SCV x2, Terran Infantry Weapons Level 3  
  158  11:18  Marine x2  
  161  11:22  Terran Vehicle Weapons Level 2  
  162  11:26  Marine  
  162  11:27  Marine  
  162  11:29  Marine  
  162  11:30  Marine  
  162  11:31  Marine  
  162  11:32  Marine  
  159  11:34  Marine  
  159  11:36  Barracks Reactor  
  159  11:37  Barracks Tech Lab, Barracks Reactor  
  159  11:38  Planetary Fortress, Siege Tank  
  158  11:47  Terran Infantry Armor Level 3  
  158  11:53  Marine x2  
  155  11:54  Marine  
  155  11:55  Marine x2  
  155  11:58  Marine x2  
  155  12:00  Marine, Marauder x2  
  164  12:03  Factory Reactor  
  164  12:14  Command Center  
  164  12:19  Marine  
  164  12:20  Marine x7  
  164  12:21  Marine x3  
  164  12:22  Marauder x2  
  179  12:32  Ghost Academy  
  179  12:42  Widow Mine x2  
  179  12:43  Marauder x2, Widow Mine  
  189  12:56  Marine x2  
  186  12:58  Marine x2  
  186  13:03  Widow Mine x2  
  186  13:04  Marauder  
  186  13:05  Marauder  
  189  13:14  Marine  
  189  13:17  Marine  
  186  13:20  Medivac x2  
  186  13:26  Marine x2, Marauder x2  
  172  13:27  Widow Mine x2  
  172  13:28  Marine  
  170  13:35  Marine  
  170  13:37  Marine x2  
  170  13:38  Barracks Tech Lab  
  170  13:41  Refinery x2  
  173  13:42  Barracks Tech Lab  
  173  13:43  Command Center  
  173  13:44  Barracks  
  173  13:47  Barracks, Marauder x2  
  177  13:49  Marine, Command Center  
  177  13:50  Marine x3, Medivac x2  
  185  13:56  Marine x3  
  185  13:57  Marine  
  185  13:58  Widow Mine x2  
  193  14:04  Planetary Fortress  
  193  14:14  Marauder  
  193  14:16  Ghost x2  
  199  14:22  Ghost  
  199  14:26  Personal Cloaking  
  199  14:29  Marine  
  200  14:38  Barracks Tech Lab  
  200  14:39  Barracks Tech Lab  
  200  14:41  Hi-Sec Auto Tracking, Neosteel Armor  
  200  15:11  Ghost x2  
  200  15:12  Ghost  
  200  15:13  Ghost  
  195  15:26  Ghost x2  
  193  15:29  Orbital Command x2  
  193  15:30  Command Center  
  193  15:34  Starport x2, Command Center  
  193  15:35  Fusion Core, Sensor Tower  
  193  15:37  Missile Turret  
  193  15:40  Missile Turret  
  193  15:43  Sensor Tower  
  193  15:44  SCV x2  
  193  15:45  SCV  
  193  15:48  Ghost  
  198  15:56  SCV  
  199  15:58  Widow Mine  
  196  16:21  Liberator  
  196  16:22  Liberator  
  199  16:29  Advanced Ballistics  
  198  16:43  Ghost  
  198  16:46  Liberator  
  198  16:47  Liberator  
  192  16:52  Orbital Command  
  195  16:54  Liberator, Command Center  
  195  16:58  Missile Turret  
  198  17:04  Missile Turret  
  198  17:13  Liberator x2  
  200  17:20  Terran Vehicle And Ship Armor Level 1  
  200  17:36  Command Center x2  
  200  17:39  Command Center  
  200  17:41  Missile Turret, Caduceus Reactor  
  200  17:43  Missile Turret  
  194  17:59  Ghost x2  
  194  18:01  Ghost  
  194  18:09  Ghost  
  196  18:13  Ghost  
  196  18:19  Ghost  
  178  18:23  Factory Reactor  
  173  18:27  Ghost x2  
  173  18:33  Liberator x4  
  188  18:37  Liberator x2  
  182  19:02  Widow Mine x2  
  180  19:10  Command Center x2  
  180  19:12  Missile Turret  
  180  19:15  Ghost x2  
  180  19:16  Liberator x4  
  196  19:20  Liberator  
  195  19:29  Ghost  
  197  19:33  Liberator  
  197  19:34  Ghost  
  193  19:44  Ghost  
  193  19:45  Ghost  
  193  19:50  Barracks  
  193  19:52  Barracks  
  181  19:54  Barracks x2  
  181  19:58  Refinery, Marine, Ghost  
  181  19:59  Liberator x2, Refinery  
  185  20:00  Missile Turret x2  
  185  20:03  Marauder  
  183  20:13  Marauder  
  183  20:14  Marine, Marauder  
  178  20:24  Marauder  
  178  20:25  Orbital Command x2  
  178  20:27  Marauder  
  182  20:30  Barracks Tech Lab  
  182  20:35  Marauder  
  184  20:36  Marauder  
  184  20:37  Marine  
  184  20:38  Marine x2  
  184  20:40  Liberator, Viking  
  188  20:46  Marauder  
  188  20:49  Marauder  
  189  20:50  Marauder  
  189  20:56  Marauder, Widow Mine  
  191  20:57  Marauder, Widow Mine  
  177  21:05  Marine x2  
  177  21:06  Widow Mine  
  177  21:07  Marauder  
  177  21:10  Marauder  
  160  21:11  Marauder  
  160  21:17  Marauder  
  155  21:19  Marauder  
  155  21:21  Marine  
  155  21:23  Marine x2  
  155  21:24  Marine x4  
  155  21:25  Marine  
  133  21:28  Marauder  
Tags
 
League
Master
Matchup
TvZ
Opening
Pool First
Player
ByuNDark
Replay Pack
December 2023
Spawn Locations
Cross Positions
Add a new tag
Caveats
  • Supply blocks, unpowered buildings, or Contaminate may cause inaccurate times.
  • Supply counts are checked every 10 seconds.